 Dungeon Crawl Stone Soup version 0.17-a0-1572-g7a1422d (webtiles) character file.

1207 mrath the Covered (level 8, -3/70 HPs)
             Began as a Minotaur Fighter on July 25, 2015.
             Was a Believer of Okawaru.
             Killed from afar by an orc wizard (10 damage)
             ... with a puff of flame
             ... on level 6 of the Dungeon.
             The game lasted 00:45:41 (5281 turns).

mrath the Covered (Minotaur Fighter)                Turns: 5281, Time: 00:45:41

Health: -3/70      AC: 13    Str: 22    XL:     8   Next: 21%
Magic:  6/8        EV: 10    Int:  3    God:    Okawaru [**....]
Gold:   303        SH:  0    Dex: 13    Spells: 0 memorised, 7 levels left

rFire  . . .     SeeInvis .     a - +0 war axe
rCold  . . .     Clarity  .     K - +0 chain mail
rNeg   . . .     SustAt   .     c - +0 shield
rPois  .         Gourm    .     (helmet restricted)
rElec  .         Spirit   .     (no cloak)
rCorr  .         Warding  .     h - +0 pair of gloves
rMut   +         Stasis   .     (no boots)
MR     .....                    g - amulet of resist mutation
Stlth  ..........               J - +2 ring of dexterity
                                H - -2 ring of intelligence (curse)

@: confused, heroism, very slightly contaminated, hasted, invisible, very quick,
not resistant to hostile enchantments, extremely unstealthy
A: retaliatory headbutt, horns 2
a: Heroism, Renounce Religion


You were on level 6 of the Dungeon.
You worshipped Okawaru.
Okawaru was pleased with you.
You were not hungry.

You visited 1 branch of the dungeon, and saw 6 of its levels.

You collected 303 gold pieces.

Inventory:

Hand weapons
 a - a +0 war axe (weapon)
 o - a +2 mace of draining
 y - a +2 flail of draining
 B - a cursed -3 long sword
 G - a +3 short sword of protection
Missiles
 m - 114 stones
 p - 44 poisoned needles
 q - 8 tomahawks (quivered)
Armour
 c - a +0 shield (worn)
 h - a +0 pair of gloves (worn)
 F - a +3 leather armour
 K - a +0 chain mail (worn)
Jewellery
 b - a cursed ring of teleportation
 g - an amulet of resist mutation (around neck)
 H - a cursed -2 ring of intelligence (left hand)
 J - a +2 ring of dexterity (right hand)
Scrolls
 f - 3 scrolls of fog
 n - a scroll of identify
 r - 3 scrolls of amnesia
 t - 2 scrolls of enchant armour
 w - a scroll of enchant weapon {unknown}
 x - a scroll of recharging
 E - 2 scrolls of teleportation
 L - a scroll of random uselessness {unknown}
Potions
 d - a potion of might
 k - a potion of beneficial mutation
 s - a potion of lignification
 u - a potion of degeneration {unknown}
 v - a potion of invisibility
 z - a potion of cancellation {unknown}
 A - a potion of curing {unknown}
 C - a potion of haste
 I - a potion of poison {unknown}
Comestibles
 e - 3 bread rations
 i - 2 meat rations
 j - 2 fruits
 l - 2 chunks of flesh
 D - 2 royal jellies
 M - 2 slices of pizza


   Skills:
 + Level 6.1(11.1) Fighting
 * Level 6.4(11.4) Axes
 + Level 6.7(11.7) Armour
 - Level 1.5(6.5) Dodging
 + Level 6.6(11.6) Shields
 + Level 2.3 Invocations


You had 7 spell levels left.
You didn't know any spells.

Dungeon Overview and Level Annotations

Branches:
Dungeon (6/15)             Temple (0/1) D:5

Altars:
Ashenzari
Cheibriados
Kikubaaqudgha
Okawaru

Shops:
D:6 :


Innate Abilities, Weirdness & Mutations

You reflexively headbutt those who attack you in melee.
You have a pair of horns on your head.


Message History

The orc priest calls upon Beogh to heal the orc warrior.
The orc warrior is healed somewhat.
You block the orc warrior's attack. You block the orc wizard's attack.
The orc priest calls down the wrath of Beogh upon you.
Something smites you!
* * * LOW HITPOINT WARNING * * *
Drink which item? (? for menu, Esc to quit)
You feel yourself speed up.
The orc priest calls down the wrath of Beogh upon you.
Something smites you!
* * * LOW HITPOINT WARNING * * *
The orc wizard casts a spell at you.
You are confused.
The orc warrior closely misses you.
You are very lightly contaminated with residual magic.
Drink which item? (? for menu, Esc to quit)
You fade into invisibility!
The orc wizard gestures at you while chanting.
The puff of flame hits you!
You die...

.......#.... ..
...........##.#
..............
...........#.#.# ♣#
...........#...# .#
...........#..##♣o♣
...#..........##@o#
#[..[............♣oo....
#..........#.##### o....
...........#.######...#.
..#................. .#
[............###### #
.##..........#
######.#####.#### #
##.##.......#


You could see an orc warrior, 2 orc priests, an orc wizard and an orc.

Vanquished Creatures
  The ghost of hyperkellhus the Spear-Bearer, an experienced MfAr (D:6)
  A water moccasin (D:4)
  A water moccasin skeleton (D:6)
  2 orc wizards (D:4)
  An iguana (D:4)
  2 giant frog skeletons
  2 orc priests
  2 hounds
  2 worker ants
  A mummy (D:5)
  A worker ant zombie (D:5)
  7 river rats (D:5)
  4 adders
  3 gnolls
  2 shadow imps (D:5)
  An adder skeleton (D:5)
  2 worms
  8 giant geckos
  29 orcs
  2 ball pythons (D:1)
  A bat skeleton (D:3)
  8 giant cockroaches
  14 goblins
  6 hobgoblins
  8 jackals
  4 quokkas
  6 bats
  A giant gecko skeleton (D:4)
  9 giant newts
  10 kobolds
  45 rats
  A rat zombie (D:3)
187 creatures vanquished.

Vanquished Creatures (others)
  2 hounds (D:6)
  An orc (D:6)
  A goblin (D:6)
  A jackal (D:6)
5 creatures vanquished.

Grand Total: 192 creatures vanquished

Notes
Turn   | Place    | Note
--------------------------------------------------------------
     0 | D:1      | mrath the Minotaur Fighter began the quest for the Orb.
     0 | D:1      | Reached XP level 1. HP: 19/19 MP: 0/0
    59 | D:1      | Reached XP level 2. HP: 24/27 MP: 1/1
    63 | D:1      | Reached skill level 4 in Armour
   295 | D:1      | Reached XP level 3. HP: 33/33 MP: 2/2
  1055 | D:2      | Reached XP level 4. HP: 24/41 MP: 3/3
  1094 | D:2      | Found an iron altar of Okawaru.
  1105 | D:2      | Became a worshipper of Warmaster Okawaru
  1644 | D:3      | Reached skill level 5 in Shields
  1716 | D:3      | Reached XP level 5. HP: 20/47 MP: 4/4
  2412 | D:3      | Reached skill level 5 in Armour
  2412 | D:3      | Reached skill level 1 in Dodging
  2791 | D:3      | Found an ancient bone altar of Kikubaaqudgha.
  2975 | D:4      | Found a shattered altar of Ashenzari.
  3062 | D:4      | Reached XP level 6. HP: 31/55 MP: 5/5
  3311 | D:4      | Reached skill level 5 in Fighting
  3555 | D:4      | Noticed a water moccasin
  3560 | D:4      | Acquired Okawaru's first power
  3567 | D:4      | Killed a water moccasin
  3776 | D:4      | Reached XP level 7. HP: 55/61 MP: 6/6
  4095 | D:5      | Entered Level 5 of the Dungeon
  4169 | D:5      | Reached skill level 6 in Armour
  4353 | D:5      | Reached skill level 5 in Axes
  4408 | D:5      | Found a staircase to the Ecumenical Temple.
  4564 | D:5      | Reached skill level 1 in Invocations
  4986 | D:5      | Found a snail-covered altar of Cheibriados.
  5113 | D:6      | Noticed hyperkellhus's ghost (experienced MfAr)
  5132 | D:6      | Killed hyperkellhus's ghost
  5132 | D:6      | Reached XP level 8. HP: 47/70 MP: 5/8
  5271 | D:6      | Found Kiwezal's Book Shoppe.
  5281 | D:6      | Killed from afar by an orc wizard

Vault maps used:
D:1:      lemuel_arrival_room, hangedman_abyss_or_decor_stabs
D:2:      okawaru_altar_gauntlet_db, dk_noncrumbling_2
D:3:      lemuel_zombie_altar_kikubaaqudgha, first_bread, st_stairs_9
D:4:      kennysheep_mini_moat
D:5:      lemuel_ratsnest, slow_altar_2, minmay_temple_entry_overgrown
D:6:      xom_confusion_cloud, serial_shops, nicolae_shop_trees, uniq_eustachio

Action                   |  1- 3 |  4- 6 |  7- 9 || total
-------------------------+-------+-------+-------++-------
Melee: War axe           |    88 |   211 |   153 ||   452
Throw: Stone             |     7 |     1 |       ||     8
       Tomahawk          |       |       |     8 ||     8
Invok: Heroism           |       |       |     2 ||     2
  Use: Scroll            |     2 |     5 |     6 ||    13
       Potion            |       |       |     3 ||     3
  Eat: Chunk             |     1 |     9 |     4 ||    14
       Beef jerky        |       |       |     1 ||     1
